 Dungeon Crawl Stone Soup version 0.29-a0-275-g389c0b56f3 (webtiles) character file.

Game seed: 624517317088756426

2223 Conn the Firebug (level 9, 0/55 HPs)
             Began as an Octopode Fire Elementalist on Mar 12, 2022.
             Killed from afar by an orc wizard (7 damage)
             ... with a magic dart
             ... on level 7 of the Dungeon.
             The game lasted 00:20:45 (7593 turns).

Conn the Firebug (Octopode Fire Elementalist)       Turns: 7593, Time: 00:20:51

Health: 0/55       AC:  1    Str:  7    XL:     9   Next: 35%
Magic:  18/18      EV: 13    Int: 22    God:
Gold:   179        SH:  0    Dex: 12    Spells: 7/20 levels left

rFire   . . .      SeeInvis .   A - +3 short sword (elec)
rCold   . . .      Faith    .   (no shield)
rNeg    . . .      Spirit   .   (helmet restricted)
rPois   +          Reflect  .   h - amulet of regeneration
rElec   .          Harm     .   q - ring of poison resistance
rCorr   .          Rampage  .   (no ring)
Will    .....                   (no ring)
Stlth   ++++......              (no ring)
HPRegen 0.98/turn               (no ring)
MPRegen 0.16/turn               (no ring)
                                (no ring)
                                (no ring)

@: no status effects
A: almost no armour, amphibious, 8 rings, camouflage 1, gelatinous body 1,
(nimble swimmer 1), tentacles
a: no special abilities


You were on level 7 of the Dungeon.
You visited 1 branch of the dungeon, and saw 7 of its levels.

You collected 257 gold pieces.
You spent 78 gold pieces at shops.

Inventory:

Hand Weapons
 b - a +0 dagger
 f - a +2 vampiric spear
 v - a +1 short sword of freezing
 A - a +3 short sword of electrocution (weapon)
Missiles
 m - 9 poisoned darts (quivered)
 s - 4 atropa-tipped darts
Jewellery
 h - an amulet of regeneration (around mantle)
 q - a ring of poison resistance (left tentacle)
Wands
 w - a wand of digging (1)
 B - a wand of iceblast (11)
Scrolls
 c - a scroll of enchant armour {unknown}
 d - a scroll of noise {unknown}
 e - 12 scrolls of identify {unknown}
 g - a scroll of immolation {unknown}
 i - a scroll of teleportation
 j - 2 scrolls of brand weapon {unknown}
 l - 2 scrolls of silence {unknown}
 n - 2 scrolls of vulnerability {unknown}
 o - a scroll of magic mapping {unknown}
 p - a scroll of torment {unknown}
 y - a scroll of summoning {unknown}
Potions
 a - 2 potions of magic
 k - 5 potions of curing
 t - 2 potions of invisibility
 u - a potion of might {unknown}
 x - 2 potions of berserk rage {unknown}
 z - a potion of heal wounds
 C - a potion of attraction {unknown}


   Skills:
 + Level 2.3 Fighting
 + Level 3.1 Short Blades
 + Level 1.3 Polearms
 + Level 1.1 Throwing
 + Level 2.7 Dodging
 + Level 5.3 Stealth
 + Level 6.1 Spellcasting
 + Level 4.8 Conjurations
 + Level 1.5 Hexes
 + Level 7.0 Fire Magic


You had 7 spell levels left.
You knew the following spells:

 Your Spells              Type           Power      Damage    Failure   Level
a - Foxfire               Conj/Fire      100%       2x1d9     1%          1
b - Conjure Flame         Conj/Fire      32%        6-21      2%          3
c - Inner Flame           Hex/Fire       25%        N/A       4%          3
d - Flame Wave            Conj/Fire      32%        2d8       8%          4
e - Scorch                Fire           74%        2d9       1%          2

Your spell library contained the following spells:

 Spells                   Type           Power      Damage    Failure   Level
 Ensorcelled Hibernation  Hex/Ice        20%        N/A       10%         2
 Passwall                 Tmut/Erth      5%         N/A       14%         2
 Swiftness                Air            6%         N/A       26%         3


Dungeon Overview and Level Annotations

Branches:
Dungeon (7/15)             Temple (0/1) D:4

Altars:
Dithmenos
Elyvilon
Gozag
Hepliaklqana
Qazlal
Trog
Wu Jian
Zin
The Shining One

Shops:
D:2 !

Annotations:
D:4 Robin


Innate Abilities, Weirdness & Mutations

You cannot wear most types of armour.
You are amphibious.
You can wear up to eight rings at the same time.
Your skin changes colour to match your surroundings (Stealth+).
Your rubbery body absorbs attacks. (AC +1, EV +1)
((You are camouflaged when in or above water. (Stealth+)))
You have tentacles for arms and can constrict up to eight enemies at once.


Message History

Nothing appears to happen.
The foxfire hits the orc wizard.
The orc wizard is heavily wounded.
A skeletal warrior comes into view. It is wielding a +0 mace.
A skeletal warrior comes into view. It is wielding a +0 scimitar.
The foxfire hits the orc wizard!
The orc wizard is almost dead.
Casting: Foxfire (safe; 1% risk of failure)
Confirm with . or Enter, or press ? or * to list all spells.
You conjure some foxfire!
Unknown command.
The foxfire hits the skeletal warrior.
The skeletal warrior is lightly damaged.
The foxfire hits the skeletal warrior!
The skeletal warrior is moderately damaged.
You climb upwards.
There is a stone staircase leading down here.
You start resting.
Your magical contamination has completely faded away.
You start resting.
Magic restored.
There is a stone staircase leading down here.
You climb downwards.
The skeletal warrior hits you with a +0 glaive!!
Ouch! That really hurt!
The skeletal warrior hits you with a +0 halberd!
* * * LOW HITPOINT WARNING * * *
The orc wizard gestures at you while chanting.
The puff of flame hits you!
* * * LOW HITPOINT WARNING * * *
The skeletal warrior completely misses you.
A jelly comes into view.
Found a coppery potion and 17 gold pieces.
There is a stone staircase leading up, spattered with blood here.
Blink to where?
Press: ? - help, Dir - move target
Found 15 gold pieces and 32 stones.
Found a stone staircase leading down.
As you read the scroll of blinking, it crumbles to dust.
The orc wizard gestures at you while chanting.
The magic dart hits you!
You die...

#........##.....
.......
#.....oz.##.....
.......
#.....z.l[.z....
..$....
#....o.z..#[<...
.......
##..##.o###ยงยง...
....... #..# #.##
#z#### .......#..#
#.# #z#
.......#..# #..
..# >......@..#
#.. .##.
.###...##.# ..J .
. #..#. .# . ....
.. .. ... ### ..
.. .. ( .


You could see a skeletal warrior and 2 orc wizards.

Vanquished Creatures
  Pikel (D:4)
  A steam dragon (D:4)
  Duvessa (D:4)
  An ogre (D:4)
  2 phantoms
  2 bullfrogs (D:6)
  3 necrophages
  A scorpion (D:5)
  4 wights (D:6)
  Dowan (D:4)
  3 howler monkeys
  3 orc priests
  3 hounds
  2 iguanas (D:4)
  Terence (D:2)
  2 orc wizards
  8 gnolls
  7 adders
  A shadow imp (D:5)
  An ufetubus (D:3)
  3 worms
  A dart slug (D:2)
  18 orcs
  12 ball pythons
  9 endoplasms
  4 giant cockroaches
  6 goblins
  4 hobgoblins
  2 jackals (D:4)
  9 quokkas
  11 bats
  11 kobolds
  6 rats
144 creatures vanquished.

Vanquished Creatures (others)
  A ball python (D:4)
  429 foxfires
  2 plants (D:3)
432 creatures vanquished.

Grand Total: 576 creatures vanquished

Notes
Turn   | Place    | Note
-------+----------+-------------------------------------------
     0 | D:1      | Conn the Octopode Fire Elementalist began the quest for the
                  | Orb.
     0 | D:1      | Reached XP level 1. HP: 11/11 MP: 3/3
   134 | D:1      | Reached XP level 2. HP: 17/17 MP: 1/5
   379 | D:1      | Reached XP level 3. HP: 21/21 MP: 1/6
  1000 | D:2      | Reached XP level 4. HP: 27/27 MP: 3/7
  1356 | D:2      | Found Faiczy's Distillery.
  1398 | D:2      | Bought a potion of curing for 39 gold pieces
  1398 | D:2      | Bought a potion of lignification for 39 gold pieces
  1416 | D:2      | Reached skill level 1 in Polearms
  1614 | D:2      | Noticed Terence
  1625 | D:2      | Learned a level 3 spell: Conjure Flame
  1629 | D:2      | Learned a level 3 spell: Inner Flame
  1695 | D:2      | Killed Terence
  1798 | D:2      | Found a faded altar of an unknown god.
  2041 | D:3      | Reached XP level 5. HP: 32/32 MP: 2/9
  2168 | D:3      | Found a glowing silver altar of Zin.
  2555 | D:3      | Found a hazy altar of Hepliaklqana.
  2612 | D:3      | Reached skill level 4 in Fire Magic
  2838 | D:3      | Found an opulent altar of Gozag.
  3091 | D:4      | Noticed Dowan
  3095 | D:4      | Killed Dowan
  3096 | D:4      | Reached XP level 6. HP: 29/37 MP: 4/11
  3143 | D:4      | Noticed Duvessa
  3357 | D:4      | Noticed Robin
  3406 | D:4      | Killed Duvessa
  3407 | D:4      | Reached skill level 1 in Fighting
  3407 | D:4      | Reached XP level 7. HP: 17/43 MP: 8/13
  3484 | D:4      | Found an ornate altar of the Wu Jian Council.
  3505 | D:4      | Found a bloodstained altar of Trog.
  3532 | D:4      | Found a staircase to the Ecumenical Temple.
  3668 | D:4      | Noticed Pikel
  3677 | D:4      | Reached skill level 5 in Fire Magic
  3945 | D:3      | Learned a level 4 spell: Flame Wave
  3948 | D:3      | Learned a level 2 spell: Scorch
  4124 | D:4      | Reached skill level 1 in Short Blades
  4144 | D:4      | Killed Pikel
  4145 | D:4      | Reached skill level 1 in Throwing
  4145 | D:4      | Reached skill level 5 in Spellcasting
  4145 | D:4      | Reached skill level 1 in Hexes
  4145 | D:4      | Reached XP level 8. HP: 50/50 MP: 3/15
  4325 | D:4      | Reached skill level 6 in Fire Magic
  4373 | D:4      | Found a glowing golden altar of the Shining One.
  4637 | D:5      | Entered Level 5 of the Dungeon
  5106 | D:5      | Found a white marble altar of Elyvilon.
  5509 | D:5      | Reached XP level 9. HP: 54/54 MP: 17/17
  6294 | D:6      | Found a shadowy altar of Dithmenos.
  6563 | D:6      | Reached skill level 5 in Stealth
  7040 | D:6      | Found a stormy altar of Qazlal.
  7535 | D:7      | Noticed a skeletal warrior
  7540 | D:7      | Reached skill level 7 in Fire Magic
  7543 | D:7      | Noticed a skeletal warrior
  7543 | D:7      | Noticed a skeletal warrior
  7592 | D:7      | Noticed a skeletal warrior
  7592 | D:7      | Noticed a skeletal warrior
  7593 | D:7      | Killed from afar by an orc wizard

Illustrated notes

Levels and vault maps discovered:
D:1:      mrwooster_arrival_statue_2, layout_rooms, serial_aquarium,
          aquarium_bridge_square [aquarium_subvault_bridge,
          aquarium_subvault_bridge, aquarium_subvault_window,
          aquarium_subvault_wall], aquarium_window_corridor_3,
          aquarium_window_fake, aquarium_view_2c, aquarium_pool_2
D:2:      layout_loops_ring, serial_shops, nicolae_shop_trees,
          basic_ecumenical_altar, minmay_diced_spiral, uniq_terence
D:3:      layout_rooms, pdpol_temple_overflow_zin_treasury_gozag_greed,
          nicolae_hepliaklqana_hazy_memory, dreamdust_princess_bridge,
          dk_noncrumbling_3, kennysheep_decorative_pillar,
          dreamdust_princess_corridor
D:4:      layout_loops_cross, old_standard_altar,
          nicolae_overflow_hidden_temple, lemuel_doored_altar,
          minmay_temple_entry_glass, uniq_robin, uniq_duvessa, uniq_pikel
D:5:      layout_basic, elyvilon_altar_4
D:6:      layout_layer_cave, mainiacjoe_overflow_six_doors_small,
          nicolae_dithmenos_through_a_glass_darkly,
          chequers_serial_rivers_micro_e, grunt_decor_arrowhead,
          minmay_strange_pillars
D:7:      kennysheep_windowed_halls, layout_rooms

Skill      XL: |  1  2  3  4  5  6  7  8  9 |
---------------+----------------------------+-----
Stealth        | 3 4 5 |  5.3
Polearms       | 1 |  1.3
Spellcasting   | 3 4 5 6 |  6.1
Fire Magic     | 4 5 6 7 |  7.0
Conjurations   | 2 3 4 |  4.8
Fighting       | 1 2 |  2.3
Short Blades   | 1 2 3 |  3.1
Throwing       | 1 |  1.1
Hexes          | 1 |  1.5
Dodging        | |  2.7

Action                   |  1- 3 |  4- 6 |  7- 9 || total
-------------------------+-------+-------+-------++-------
Melee: Dagger            |     4 |       |       ||     4
       Constrict         |     7 |    13 |     9 ||    29
       Tentacles         |     8 |     9 |     9 ||    26
       Spear             |    28 |    35 |       ||    63
       Punch             |       |     1 |       ||     1
       Short sword       |       |    23 |    36 ||    59
Throw: Dart              |       |     4 |     4 ||     8
 Cast: Foxfire           |    39 |   102 |   117 ||   258
       Conjure Flame     |       |     2 |     3 ||     5
       Inner Flame       |       |     2 |     7 ||     9
       Scorch            |       |       |     5 ||     5
  Use: Potion            |     1 |     2 |     1 ||     4
       Scroll            |       |       |     3 ||     3
 Stab: Sleeping          |     7 |     7 |     7 ||    21
       Distracted        |       |       |     1 ||     1
Armor: Skin              |     2 |     9 |     3 ||    14
Dodge: Dodged            |    27 |    33 |    41 ||   101

Table legend: (Time is in decaauts)
 A = Elapsed time spent in this place.
 B = Non-inter-level travel time spent in this place.
 C = Inter-level travel time spent in this place.
 D = Time resting spent in this place.
 E = Time spent auto-exploring this place.
 F = Levels seen in this place.
 G = Mean time per level.
                   A        B        C        D        E       F      G
               +--------+--------+--------+--------+--------+-----+--------+
         Total |   7601 |   7358 |    243 |    202 |   5196 |   7 | 1085.9 |
       Dungeon |   7601 |   7358 |    243 |    202 |   5196 |   7 | 1085.9 |
               +--------+--------+--------+--------+--------+-----+--------+

Top non-repeatable levels by time:
     D:5: 1560 daAuts
     D:6: 1381 daAuts
     D:3: 1363 daAuts
     D:4: 1239 daAuts
     D:2: 1212 daAuts
     D:1: 831 daAuts
     D:7: 13 daAuts
